 Dungeon Crawl Stone Soup version 0.25-a0-592-g443c2f7 (webtiles) character file.

Game seed: 18196915626642287298, levelgen mode: deterministic

565 Scoots the Chopper (level 7, -2/62 HPs)
             Began as a Hill Orc Berserker on Mar 14, 2020.
             Was an Initiate of Beogh.
             Slain by a polar bear (12 damage)
             ... created by the rage of Trog
             ... on level 3 of the Dungeon.
             The game lasted 00:10:34 (2517 turns).

Scoots the Chopper (Hill Orc Berserker)             Turns: 2517, Time: 00:10:35

Health: -2/62      AC:  8    Str: 22    XL:     7   Next: 32%
Magic:  7/7        EV: 11    Int:  7    God:    Beogh [......]
Gold:   102        SH:  0    Dex: 10    Spells: 6/6 levels left

rFire    . . .     SeeInvis +   a - +0 hand axe
rCold    . . .     Gourm    .   (no shield)
rNeg     + . .     Faith    +   f - +0 ring mail
rPois    .         Spirit   .   (no helmet)
rElec    .         Reflect  .   (no cloak)
rCorr    .         Harm     .   e - +1 pair of gloves
MR       .....                  (no boots)
Stlth    +.........             l - amulet of faith
HPRegen  0.20/turn              i - ring of positive energy
MPRegen  0.10/turn              h - ring of see invisible

@: no status effects
A: no striking features
a: Renounce Religion


You were on level 3 of the Dungeon.
You worshipped Beogh.
Beogh was noncommittal.
You were not hungry.

You visited 1 branch of the dungeon, and saw 3 of its levels.

You collected 102 gold pieces.

Inventory:

Hand Weapons
 a - a +0 hand axe (weapon)
Armour
 e - a +1 pair of gloves (worn)
 f - a +0 ring mail (worn)
Jewellery
 h - a ring of see invisible (right hand)
 i - a ring of positive energy (left hand)
 l - an amulet of faith (around neck)
Wands
 k - a wand of polymorph (9)
 m - a wand of iceblast (3)
Scrolls
 d - 2 scrolls of identify
 j - 2 scrolls of amnesia
 n - a scroll of fog {unknown}
Potions
 o - a potion of ambrosia {unknown}
 p - a potion of stabbing {unknown}
Comestibles
 b - a chunk of flesh
 c - 6 rations


   Skills:
 + Level 5.6 Fighting
 + Level 7.6 Axes
 + Level 4.5 Armour
 + Level 2.4 Dodging
 + Level 0.3 Stealth


You had 6 spell levels left.
You didn't know any spells.
Your spell library was empty.

Dungeon Overview and Level Annotations

Branches:
Dungeon (3/15)

Altars:


Message History

The polar bear claws you.
The black bear rages.
The polar bear bites you! The polar bear claws you.
The polar bear closely misses you. The polar bear bites you.
The polar bear claws you. x2
The polar bear bites you! The polar bear claws you.
* * * LOW HITPOINT WARNING * * *
The polar bear closely misses you.
The polar bear bites you but does no damage.
The polar bear claws you.
* * * LOW HITPOINT WARNING * * *
The polar bear claws you.
* * * LOW HITPOINT WARNING * * *
As you read the scroll labeled ACAILL OMAUMISCH, it crumbles to dust.
You feel blessed for a moment.
It was a scroll of remove curse.
The black bear bites you but does no damage.
The black bear closely misses you.
The black bear claws you but does no damage.
The polar bear bites you!
You die...

#.#.# #.# #####.#.# #.#
###### #.......# #.# .....#
#.......# #.# .....#
#.......####### .....#
#.......#.....# .....#
#.......#h....+
....÷###......##hh...#######
...÷..........##@hh.÷.......
.....########.##.h....#####..
........# #.#####+#.# #.#
###.#.#.# #.# #.#.# #.#
#.#.#.# #.# #.#.# #.# #.#.#.#
#.#####.#.#####.# #.#.#.#
#............##.#
#.#.#.#####........###.##.#
..#.#..............# #.##.##


You could see 3 polar bears and 3 black bears.

Vanquished Creatures
  Grinder (D:3)
  Sigmund (D:2)
  An iguana (D:3)
  Natasha (twice) (D:3)
  4 adders (D:3)
  2 oozes
  2 worms (D:2)
  3 dart slugs
  4 leopard geckos
  5 orcs (D:3)
  3 ball pythons (D:2)
  3 giant cockroaches
  7 goblins
  3 hobgoblins (D:1)
  3 jackals (D:2)
  8 kobolds
  10 bats
  4 frilled lizards
  6 rats
72 creatures vanquished.

Vanquished Creatures (others)
  An orc priest (D:3)
1 creature vanquished.

Grand Total: 73 creatures vanquished

Notes
Turn   | Place    | Note
-------+----------+-------------------------------------------
     0 | D:1      | Scoots the Hill Orc Berserker began the quest for the Orb.
     0 | D:1      | Reached XP level 1. HP: 19/19 MP: 1/1
    81 | D:1      | Reached XP level 2. HP: 24/27 MP: 2/2
   356 | D:1      | Reached XP level 3. HP: 27/33 MP: 3/3
   920 | D:1      | You fall into a shaft and drop 1 floor!
  1008 | D:2      | Reached ** piety under Trog
  1073 | D:2      | Reached skill level 5 in Axes
  1277 | D:2      | Noticed Sigmund
  1293 | D:2      | Killed Sigmund
  1293 | D:2      | Reached skill level 6 in Axes
  1293 | D:2      | Reached XP level 4. HP: 41/41 MP: 4/4
  1293 | D:2      | Reached XP level 5. HP: 47/47 MP: 5/5
  1581 | D:2      | Reached skill level 5 in Fighting
  1618 | D:2      | Reached XP level 6. HP: 55/56 MP: 6/6
  1785 | D:3      | Noticed Natasha
  1793 | D:3      | Killed Natasha
  1903 | D:3      | Noticed Grinder
  1919 | D:3      | Paralysed by Grinder for 5 turns
  1932 | D:3      | Killed Grinder
  1932 | D:3      | Reached skill level 7 in Axes
  1932 | D:3      | Reached XP level 7. HP: 61/61 MP: 7/7
  2198 | D:3      | Noticed Natasha
  2212 | D:3      | Killed Natasha
  2300 | D:3      | Fell from the grace of Trog
  2300 | D:3      | Became a worshipper of Beogh the Brigand
  2514 | D:3      | Noticed a polar bear
  2514 | D:3      | Noticed a polar bear
  2514 | D:3      | Noticed a polar bear
  2517 | D:3      | Slain by a polar bear

Levels and vault maps discovered:
D:1:      minmay_arrival_four_houses, layout_basic
D:2:      layout_basic, uniq_sigmund
D:3:      layout_basic, first_ration, minmay_distorted, uniq_grinder,
          uniq_natasha

Skill      XL: |  1  2  3  4  5  6 |
---------------+-------------------+-----
Fighting       | 4 5 |  5.6
Axes           | 6 7 |  7.6
Armour         | 3 4 |  4.5
Dodging        | 2 |  2.4
Stealth        | |  0.3

Action                   |  1- 3 |  4- 6 |  7- 9 || total
-------------------------+-------+-------+-------++-------
Melee: Hand axe          |   125 |    67 |    75 ||   267
Invok: Berserk           |     2 |     1 |       ||     3
       Trog's Hand       |     1 |     1 |     1 ||     3
       Convert to Beogh  |       |       |     1 ||     1
  Use: Scroll            |       |     4 |     1 ||     5
       Potion            |       |     3 |       ||     3
  Eat: Chunk             |     2 |     4 |     3 ||     9
Armor: Animal skin       |     3 |       |       ||     3
       Ring mail         |    49 |    35 |    29 ||   113
Dodge: Dodged            |    76 |    43 |    51 ||   170

Table legend:
 A = Non-vault XP
 B = Vault XP
 C = Vault XP percentage of total XP
 D = Non-vault monster count
 E = Vault monster count
 F = Vault count percentage of total count
                 A         B        C        D         E       F
            +---------+---------+-------+---------+---------+-------
      Total |     256 |     552 |  68.3 |      66 |       6 |   8.3
            +---------+---------+-------+---------+---------+-------
        D:1 |      48 |       0 |   0.0 |      24 |       0 |   0.0
        D:2 |      41 |     231 |  84.9 |      20 |       1 |   4.8
        D:3 |     167 |     321 |  65.8 |      22 |       5 |  18.5
            +---------+---------+-------+---------+---------+-------
